 Dungeon Crawl Stone Soup version 0.31.0-32-g396128a36d (webtiles) character file.

Game seed: 1716348163461163871

378194 suse60 the Slayer (level 22, -15/164 HPs)
             Began as a Gargoyle Monk on Mar 22, 2024.
             Was the Champion of Makhleb.
             Demolished by a stone giant (17 damage)
             ... on level 5 of the Vaults on Mar 26, 2024.
             The game lasted 04:52:51 (42769 turns).

suse60 the Slayer (Gargoyle Monk)                  Turns: 42769, Time: 04:52:52

Health: -15/164    AC: 39    Str: 35    XL:     22   Next: 82%
Magic:  12/31      EV: 22    Int: 15    God:    Makhleb [******]
Gold:   1326       SH:  0    Dex: 12    Spells: 20/21 levels left

rFire   + + .        e - +10 dark maul {heavy}
rCold   + . .        (shield currently unavailable)
rNeg    + . .        K - +0 gold dragon scales
rPois   ∞            a - +2 hat
rElec   +            O - +2 cloak "Biexzi Xuse" {Fly rElec Str+3}
rCorr   .            E - +3 Mad Mage's Maulers {Infuse+∞ VampMP -Cast}
SInv    .            B - +2 pair of boots
Will    +....        d - amulet "Fautos" {rF+ Regen+ Str+4} Stlth
                     S - +6 ring of strength
HPRegen 1.27/turn    F - ring of the Hare {EV+10}
MPRegen 0.22/turn

%: no spellcasting, infuse magic (12 MP)
@: about to teleport, corroded, flying
A: sickness immunity, AC +16, big wings, negative energy resistance 1,
electricity resistance, torment resistance 1, petrification resistance, horns 1,
mutation resistance 1
}: 2/15 runes: decaying, serpentine
a: Renounce Religion, Minor Destruction, Lesser Servant of Makhleb, Major
Destruction, Greater Servant of Makhleb


You were on level 5 of the Vaults.
You worshipped Makhleb.
Makhleb was exalted by your worship.
You visited 7 branches of the dungeon, and saw 36 of its levels.
You also visited: Bailey and Wizlab.

You collected 5652 gold pieces.
You spent 4326 gold pieces at shops.

Inventory:

Hand Weapons
 e - the +10 dark maul (weapon) {heavy}
   (You bought it in a shop on level 1 of the Dungeon)
 r - a +4 vampiric executioner's axe
 V - the +8 great sword of Cataclysm {holy, Will+ Int+5}
   (You found it in a wizard's laboratory)

   Int+5:     It affects your intelligence (+5).
   Will+:     It increases your willpower.
Missiles
 u - 5 throwing nets
 N - 8 javelins (quivered)
Armour
 a - a +2 hat (worn)
 B - a +2 pair of boots (worn)
 E - the +3 Mad Mage's Maulers (worn) {Infuse+∞ VampMP -Cast}
   (You found it on level 1 of the Vaults)

   Infuse+∞: It empowers its wearer's blows with all of their magic.
   VampMP:    Blows struck in melee replenish the wearer's magic.
   -Cast:     It prevents spellcasting.
 K - +0 gold dragon scales (worn)
 O - the +2 cloak "Biexzi Xuse" (worn) {Fly rElec Str+3}
   (You found it on level 14 of the Dungeon)

   Str+3:     It affects your strength (+3).
   rElec:     It insulates you from electricity.
   Fly:       It grants you flight.
 U - the +2 pair of gloves "Koupuq" {rF- rN+++ Will- Regen+}
   (You found it on level 3 of the Swamp)

   rF-:       It makes you vulnerable to fire.
   rN+++:     It renders you almost immune to negative energy.
   Will-:     It decreases your willpower.
   Regen+:    It increases your rate of health regeneration.
Jewellery
 d - the amulet "Fautos" (around neck) {rF+ Regen+ Str+4}
   (You found it on level 1 of the Swamp)

   [amulet of regeneration]

   Str+4:     It affects your strength (+4).
   rF+:       It protects you from fire.
   Regen+:    It increases your rate of health regeneration.
 l - the amulet "Voaqom" {Spirit rC- Will+ rCorr Dex+5}
   (You found it in a wizard's laboratory)

   [amulet of guardian spirit]

   Spirit:    It causes incoming damage to be divided between your reserves of
   health and magic.
   Dex+5:     It affects your dexterity (+5).
   rC-:       It makes you vulnerable to cold.
   Will+:     It increases your willpower.
   rCorr:     It protects you from acid and corrosion.
 o - the ring "Itheih" {rC+++ Will- rCorr Int-5 Dex+4}
   (You acquired it in a bailey)

   [ring of resist corrosion]

   Int-5:     It affects your intelligence (-5).
   Dex+4:     It affects your dexterity (+4).
   rC+++:     It renders you almost immune to cold.
   Will-:     It decreases your willpower.
   rCorr:     It protects you from acid and corrosion.
 y - an amulet of reflection
 F - the ring of the Hare (right hand) {EV+10}
   (You found it on level 5 of the Lair of Beasts)

   [ring of evasion]

   EV+10:     It affects your evasion (+10).
 S - a +6 ring of strength (left hand)
Talismans
 M - a storm talisman
Wands
 f - a wand of light (7)
 n - a wand of roots (22)
 v - a wand of paralysis (26)
 A - a wand of digging (14)
Scrolls
 b - a scroll of butterflies
 j - 18 scrolls of teleportation
 q - 11 scrolls of fear
 t - a scroll of silence
 w - a scroll of vulnerability
 D - 7 scrolls of fog
 G - 5 scrolls of poison
 J - 2 scrolls of revelation
 P - 2 scrolls of immolation
 W - 2 scrolls of blinking
Potions
 c - 8 potions of ambrosia
 g - 7 potions of heal wounds
 h - 18 potions of curing
 k - 6 potions of invisibility
 m - 4 potions of magic
 p - 5 potions of might
 s - 3 potions of cancellation
 x - a potion of resistance
 z - 3 potions of haste
 I - 4 potions of mutation
 L - a potion of berserk rage
Miscellaneous
 i - a condenser vane
 H - a lightning rod (4/4)


   Skills:
 - Level 25.0 Fighting
 + Level 22.7 Maces & Flails
 - Level 15.0 Armour
 - Level 15.0 Dodging
 - Level 13.0 Invocations


You had 20 spell levels left.
You knew the following spells:

 Your Spells              Type           Power      Damage    Failure   Level
a - Foxfire               Conj/Fire      0%         2x1d4     96%         1

Your spell library contained the following spells:

 Spells                   Type           Power      Damage    Failure   Level
 Apportation              Tloc           0%         N/A       96%         1
 Magic Dart               Conj           0%         1d3       96%         1
 Necrotise                Necr           0%         1d4       96%         1
 Slow                     Hex            0%         N/A       96%         1
 Sting                    Conj/Alch      0%         1d3       96%         1
 Summon Small Mammal      Summ           0%         N/A       96%         1
 Blink                    Tloc           0%         N/A       99%         2
 Call Imp                 Summ           0%         N/A       99%         2
 Ensorcelled Hibernation  Hex/Ice        0%         N/A       99%         2
 Lesser Beckoning         Tloc           0%         N/A       99%         2
 Mercury Vapours          Alch/Air       0%         N/A       99%         2
 Momentum Strike          Conj/Tloc      0%         3d8       99%         2
 Searing Ray              Conj           0%         2d4       99%         2
 Confusing Touch          Hex            0%         N/A       100%        3
 Dazzling Flash           Conj/Hex       0%         N/A       100%        3
 Fugue of the Fallen      Necr           0%         N/A       100%        3
 Gell's Gravitas          Tloc           0%         N/A       100%        3
 Mephitic Cloud           Conj/Alch/Air  0%         N/A       100%        3
 Ozocubu's Armour         Ice            0%         N/A       100%        3
 Sigil of Binding         Hex            0%         N/A       100%        3
 Teleport Other           Tloc           0%         N/A       100%        3
 Tukima's Dance           Hex            0%         N/A       100%        3
 Vampiric Draining        Necr           0%         2d6       100%        3
 Volatile Blastmotes      Fire/Tloc      0%         2d10      100%        3
 Anguish                  Hex/Necr       0%         N/A       100%        4
 Animate Armour           Summ/Erth      0%         N/A       100%        4
 Fulminant Prism          Conj/Alch      0%         3d5       100%        4
 Manifold Assault         Tloc           0%         N/A       100%        4
 Martyr's Knell           Necr/Summ      0%         N/A       100%        4
 Passage of Golubria      Tloc           0%         N/A       100%        4
 Petrify                  Alch/Erth      0%         N/A       100%        4
 Summon Lightning Spire   Summ/Air       0%         N/A       100%        4
 Curse of Agony           Necr           0%         N/A       100%        5
 Freezing Cloud           Conj/Ice/Air   0%         6-21      100%        5
 Irradiate                Conj/Alch      0%         3d11      100%        5
 Lee's Rapid Deconstruct  Erth           0%         3d4*      100%        5
 Metabolic Englaciation   Hex/Ice        0%         N/A       100%        5
 Yara's Violent Unravell  Hex/Alch       0%         3d3       100%        5
 Dispersal                Tloc           0%         N/A       100%        6
 Plasma Beam              Fire/Air       0%         2x1d10    100%        6
 Sculpt Simulacrum        Ice/Alch       0%         N/A       100%        6
 Starburst                Conj/Fire      0%         6d3       100%        6
 Haunt                    Necr/Summ      0%         N/A       100%        7
 Borgnjor's Revivificati  Necr           0%         N/A       100%        8
 Maxwell's Capacitive Co  Air            0%         ∞         100%        8
 Summon Horrible Things   Summ           0%         N/A       100%        8
 Death's Door             Necr           0%         N/A       100%        9
 Sublimation of Blood     Necr           Unusable   N/A       N/A         2

Dungeon Overview and Level Annotations

Branches:
Dungeon (15/15)            Temple (1/1) D:4            Lair (5/5) D:11
  Swamp (4/4) Lair:3        Snake (4/4) Lair:2        Slime (0/5) Lair:5
    Orc (2/2) D:10            Elf (0/3) Orc:2        Vaults (4/5) D:13
  Crypt (0/3) Vaults:2     Depths (0/4) D:15         Bailey (visited)
 WizLab (visited)

Altars:
Ashenzari
Cheibriados
Dithmenos
Elyvilon
Fedhas
Gozag
Hepliaklqana
Kikubaaqudgha
Makhleb
Nemelex Xobeh
Okawaru
Qazlal
Ru
Sif Muna
Trog
Uskayaw
Vehumet
Wu Jian
Xom
Yredelemnul
Zin
The Shining One

Shops:
D:1 *   D:6 ??   D:11 *   Orc:2 !:[*(=   Snake:1 (   Snake:2 (=**   Snake:3 ?[(
Vaults:4 [


Innate Abilities, Weirdness & Mutations

You are immune to sickness and miasma.
Your stone body is resilient. (AC +16)
You are immune to poison.
Your large and strong wings let you fly.
You resist negative energy. (rN+)
You are resistant to electric shocks. (rElec)
You are resistant to unholy torment.
You are immune to petrification.
You have a pair of small horns on your head.
You are somewhat resistant to further mutation.


Message History

The vault warden hits you with a +3 broad axe of flaming!
The entropy weaver misses you.
The entropy weaver barely misses you. x2
The entropy weaver misses you. The hell knight barely misses you.
The deep elf high priest completely misses you.
The vault warden activates a sealing rune.
A door slams shut!
The hell knight hits you but does no damage.
The vault warden blocks your attack.
Your headbutt misses the vault warden.
The hell knight hits you from afar with a +5 halberd.
The deep elf high priest utters a dark prayer and points at you.
Your life force is offered up.
The vault warden hits you but does no damage.
The entropy weaver casts a spell at you.
The entropic weave corrodes you!
The hell knight hits you from afar with a +5 halberd!
* * * LOW HITPOINT WARNING * * *
The stone giant completely misses you.
The deep elf high priest completely misses you.
The vault warden hits you but does no damage.
The entropy weaver gestures at you while chanting.
The entropic weave corrodes you!
As you read the scroll of teleportation, it crumbles to dust.
You feel strangely unstable. The hell knight misses you.
The deep elf high priest hits you but does no damage.
The deep elf high priest invokes the aid of its god against you.
Something smites you!
* * * LOW HITPOINT WARNING * * *
The stone giant completely misses you. The vault warden barely misses you.
The yaktaur captain shoots a bolt.
The bolt hits you!!
* * * LOW HITPOINT WARNING * * *
The hell knight misses you. The vault warden blocks your attack.
The hell knight hits you from afar with a +5 halberd!
* * * LOW HITPOINT WARNING * * *
The entropy weaver gestures at you while chanting.
The entropic weave corrodes you!
The deep elf high priest barely misses you.
A yaktaur comes into view.
It is wearing the ring "Myfol" {rElec Will+ rCorr Int+3 Slay-6}.
Something unseen opens the door.
The stone giant hits you!
You die...

. #....# ....
#'#...c##...
###.#....#...
'...........
###........#####
....!...........
......Bp.[......
.....<9C<.......
.(..e.op@.......
###...[e[).#####
.......c....#
....#....#.....
##. #....##.....
# #....# #....
#....# #...
#....# #..


You could see a stone giant, a vault warden (empowered), a yaktaur captain, an
entropy weaver (empowered), an orc knight, a hell knight (fast), a war gargoyle,
2 deep elf high priests and a yaktaur (wandering).

Vanquished Creatures
  2 dread liches (Vaults:4)
  Saint Roka (Orc:2)
  Vashnia (Snake:3)
  Nikola (Snake:4)
  A golden dragon (Vaults:4)
  A bone dragon (Swamp:4)
  3 tentacled monstrosities
  Zenata (D:13)
  Jorgrun (D:10)
  A moon troll (WizLab)
  A lich (Vaults:4)
  A titan (Vaults:4)
  2 quicksilver dragons
  2 sphinxes (Vaults:4)
  An ancient champion (Vaults:2)
  8 tentacled starspawn (WizLab)
  Gastronok (Lair:2)
  A thorn hunter (Swamp:3)
  The ghost of Gokhumny the Blocker, an adept GnFi of Okawaru (Swamp:1)
  Donald (Vaults:4)
  5 shadow dragons
  Agnes (Snake:1)
  The ghost of Nilihum the Tortoise, an adept AtFi of Wu Jian (Snake:2)
  Aizul (Snake:3)
  A storm dragon (Vaults:4)
  A revenant (Vaults:2)
  4 tengu reavers
  6 nagarajas (Snake:4)
  An iron dragon (Vaults:3)
  A fenstrider witch (Swamp:3)
  17 vault wardens
  A deep elf sorcerer (Vaults:3)
  A frost giant (Vaults:4)
  2 cacodemons (WizLab)
  4 orc warlords
  A very ugly thing (Vaults:5)
  5 stone giants
  8 ironbound thunderhulks
  21 ironbound preservers
  A deep elf death mage (Vaults:4)
  An eleionoma (Swamp:1)
  5 bunyips
  12 dire elephants
  Nessos (Lair:3)
  A deep elf annihilator (Vaults:5)
  2 war gargoyles
  The ghost of frogman the Basher, a journeyman DrBe of Trog (Lair:2)
  Azrael (Orc:2)
  An eidolon (Vaults:2)
  2 ettins
  2 crystal guardians (WizLab)
  An entropy weaver (Vaults:1)
  10 yaktaur captains
  Josephine (Orc:2)
  A fire dragon (D:15)
  The ghost of TheBloodborn the Basher, a journeyman GrFi of Okawaru (Orc:1)
  A shambling mangrove (Swamp:3)
  6 great orbs of eyes
  8 hydras
  9 alligators
  Erolcha (Orc:1)
  2 catoblepae (Lair:5)
  An ice dragon (D:15)
  A rakshasa (D:15)
  An ogre mage (Vaults:1)
  4 ghost crabs
  Harold (D:10)
  28 vault guards
  10 anacondas
  A peacekeeper (Vaults:4)
  7 centaur warriors
  7 ironbound frosthearts
  3 dancing weapons
  The ghost of Longtemps the Arsonist, a journeyman OpFE of Vehumet (D:11)
  14 naga warriors
  9 boulder beetles
  A deep troll shaman (Lair:5)
  A deep troll earth mage (D:13)
  6 two-headed ogres
  A vampire mage (Vaults:2)
  Urug (D:13)
  16 death yaks
  4 orc high priests (Orc:2)
  7 shock serpents
  13 naga sharpshooters
  A sun demon (D:13)
  A soul eater (D:13)
  Sonja (Orc:2)
  5 skeletal warriors (D:14)
  A salamander mystic (Snake:4)
  51 deep trolls
  3 sixfirhies (D:13)
  A death drake (Swamp:4)
  15 sea snakes
  3 spriggan druids
  7 goliath frogs
  An orange crystal statue (WizLab)
  5 bog bodies
  A glowing orange brain (shapeshifter) (Vaults:1)
  7 glowing orange brains (WizLab)
  6 swamp dragons
  15 mana vipers
  4 arcanists
  13 ironbound convokers
  3 spectral hydras (Swamp:4)
  A steelbarb worm (shapeshifter) (Vaults:4)
  8 lindwurms
  9 naga ritualists
  A deep elf zephyrmancer (D:13)
  An obsidian statue (D:11)
  A deep elf archer (D:13)
  10 harpies
  2 necromancers
  7 orc knights
  2 alligator zombies (Swamp:4)
  5 phantasmal warriors
  3 deep elf pyromancers
  A tengu skeleton (Vaults:3)
  16 ugly things
  6 cyclopes
  2 manticores
  6 elephants
  A stone giant zombie (Vaults:3)
  8 orc sorcerers
  4 meliai (D:13)
  Maurice (D:9)
  3 will-o-the-wisps
  10 salamanders
  35 black mambas
  12 naga magi
  4 rust devils (D:13)
  An eye of devastation (shapeshifter) (Vaults:5)
  21 slime creatures
  6 guardian serpents
  20 vault sentinels
  6 eyes of devastation (WizLab)
  2 smoke demons (D:13)
  4 gargoyles
  An unseen horror (D:13)
  An orange demon (D:13)
  An unseen horror (shapeshifter) (D:15)
  44 yaktaurs
  4 rime drakes
  10 cane toads
  4 kobold demonologists
  5 swamp worm zombies (Swamp:4)
  9 komodo dragons
  A human zombie (Vaults:1)
  A yaktaur zombie (Vaults:3)
  6 ice devils (D:13)
  Psyche (D:12)
  5 hydra zombies (Swamp:4)
  A queen bee (D:13)
  A yaktaur skeleton (Vaults:3)
  A bloated husk (Swamp:4)
  7 trolls
  3 red devils (D:13)
  5 polar bears
  3 hellwings (D:13)
  10 hornets
  5 tyrant leeches
  Grinder (D:5)
  4 spectral swamp dragons (Swamp:4)
  5 blink frogs (Lair:2)
  An ettin zombie (Vaults:1)
  A stone giant simulacrum (Vaults:3)
  Sigmund (D:5)
  12 spriggans
  6 dream sheep
  A shadow (D:11)
  11 wraiths
  A culicivora (Vaults:1)
  4 ynoxinuls (D:13)
  6 wyverns
  3 tyrant leech zombies (Swamp:4)
  5 basilisks
  22 starcursed masses (WizLab)
  64 yaks
  A human (D:10)
  7 golden eyes (WizLab)
  6 fire elementals (Orc:1)
  A redback (Vaults:1)
  5 vampire mosquitoes
  3 neqoxecs
  Edmund (D:5)
  3 wargs
  2 chaos spawn (D:13)
  58 nagas
  An acid dragon (D:13)
  17 swamp worms
  8 water moccasins
  Duvessa (D:6)
  A hell hound (Orc:2)
  2 swamp drakes (Swamp:1)
  An ogre skeleton (Vaults:1)
  42 orc warriors
  4 black bears
  4 sky beasts
  2 swamp dragon zombies (Swamp:4)
  The ghost of pussypuss the Chopper, an amateur MiFi (D:3)
  An ice beast (D:7)
  27 wolves
  9 ogres
  12 centaurs
  5 phantoms
  8 kobold brigands
  11 bullfrogs
  A gnoll sergeant (D:8)
  A scorpion (D:6)
  A glowing shapeshifter simulacrum (Vaults:1)
  7 wights
  A hornet simulacrum (D:14)
  Dowan (D:6)
  A human simulacrum (Vaults:1)
  35 killer bees
  4 howler monkeys
  16 electric eels
  4 hounds
  23 orc priests
  2 jellies
  Jessica (D:2)
  4 iguanas
  3 sleepcaps
  21 orc wizards
  A statue (D:8)
  Robin (D:4)
  11 gnolls
  8 adders
  A shadow imp (D:6)
  A white imp (D:8)
  A ribbon worm (D:3)
  3 dart slugs
  65 orcs
  7 ball pythons
  8 endoplasms
  4 giant cockroaches (D:4)
  15 hobgoblins
  4 jackals (D:2)
  16 kobolds
  2 quokkas (D:5)
  3 training dummies (Snake:1)
  4 bats
  2 frilled lizards
  17 goblins
  5 rats
  A starspawn tentacle (WizLab)
1513 creatures vanquished.

Vanquished Creatures (collateral kills)
  Sojobo (Vaults:4)
  Asterion (Vaults:3)
  An ironbound frostheart (Vaults:3)
  A naga sharpshooter (Snake:3)
  2 moths of wrath (Lair:2)
  A black mamba (Snake:3)
  A naga mage (Snake:3)
  A hornet (Lair:2)
  A spriggan (Lair:2)
  An orc priest (Orc:2)
  3 orcs (Orc:2)
14 creatures vanquished.

Vanquished Creatures (others)
  A vault warden (Vaults:5)
  An ironbound convoker (Vaults:1)
  A black mamba (Snake:3)
  A yaktaur (Vaults:3)
  2 bloated husks
  A swamp worm (Swamp:2)
  2 phantoms (Swamp:4)
  3 killer bees (D:13)
  An orc wizard (D:13)
  An orc (D:10)
  11 foxfires
  21 starspawn tentacles (WizLab)
46 creatures vanquished.

Grand Total: 1573 creatures vanquished

Notes
Turn   | Place    | Note
-------+----------+-------------------------------------------
     0 | D:1      | suse60 the Gargoyle Monk began the quest for the Orb.
     0 | D:1      | Reached XP level 1. HP: 14/14 MP: 1/1
   103 | D:1      | Reached XP level 2. HP: 18/19 MP: 2/2
   162 | D:1      | Found Aheem's Assorted Antiques.
   171 | D:1      | Bought a scroll labelled VEUMURR TOAMP for 19 gold pieces
   172 | D:1      | Bought a scroll of identify for 38 gold pieces
   432 | D:2      | Reached skill level 4 in Fighting
   432 | D:2      | Reached XP level 3. HP: 24/24 MP: 3/3
   687 | D:2      | Reached XP level 4. HP: 30/30 MP: 4/4
   693 | D:2      | Noticed Jessica
   710 | D:2      | Killed Jessica
  1120 | D:3      | Reached skill level 5 in Fighting
  1120 | D:3      | Reached XP level 5. HP: 32/35 MP: 5/5
  1147 | D:3      | Learned a level 1 spell: Foxfire
  1399 | D:3      | Found a shimmering altar of Xom.
  1409 | D:3      | Found a runed translucent gate.
  1409 | D:3      | Found a runed translucent gate.
  1409 | D:3      | Found a runed translucent gate.
  1410 | D:3      | Noticed pussypuss's ghost (amateur MiFi)
  1413 | D:3      | Noticed a kobold brigand
  1470 | D:4      | Noticed Robin
  1496 | D:4      | Killed Robin
  1789 | D:4      | Noticed a phantom
  1820 | D:4      | Reached skill level 5 in Maces & Flails
  1820 | D:4      | Reached XP level 6. HP: 31/40 MP: 6/6
  1916 | D:4      | Reached skill level 6 in Fighting
  2285 | D:4      | Found a burning altar of Makhleb.
  2285 | D:4      | Found an opulent altar of Gozag.
  2285 | D:4      | Found a blossoming altar of Fedhas.
  2292 | D:4      | Became a worshipper of Makhleb the Destroyer
  2292 | D:4      | Reached * piety under Makhleb
  2292 | D:4      | Reached ** piety under Makhleb
  2344 | D:4      | Found a staircase to the Ecumenical Temple.
  2353 | Temple   | Entered the Ecumenical Temple
  2529 | D:5      | Entered Level 5 of the Dungeon
  2550 | D:5      | Reached XP level 7. HP: 40/47 MP: 7/7
  2716 | D:5      | Noticed Grinder
  2728 | D:5      | Paralysed by Grinder for 4 turns
  2739 | D:5      | Killed Grinder
  2740 | D:5      | Reached skill level 7 in Fighting
  2799 | D:5      | Noticed Edmund
  2811 | D:5      | Killed Edmund
  2812 | D:5      | Reached XP level 8. HP: 38/53 MP: 8/8
  3049 | D:5      | Noticed Sigmund
  3185 | D:6      | Found Firieted's Magic Scroll Emporium.
  3193 | D:6      | Bought a scroll of identify for 26 gold pieces
  3193 | D:6      | Bought a scroll of enchant weapon for 97 gold pieces
  3213 | D:6      | Found a snail-covered altar of Cheibriados.
  3223 | D:6      | Reached skill level 8 in Fighting
  3899 | D:7      | Reached skill level 9 in Fighting
  4051 | D:7      | Found a sparkling altar of Nemelex Xobeh.
  4079 | D:7      | Reached *** piety under Makhleb
  4080 | D:7      | Reached XP level 9. HP: 60/60 MP: 9/9
  4580 | D:5      | Killed Sigmund
  5042 | D:3      | Reached skill level 10 in Fighting
  5060 | D:3      | Killed pussypuss's ghost
  5219 | D:1      | Bought a potion of curing for 57 gold pieces
  5302 | D:6      | Noticed Duvessa
  5302 | D:6      | Noticed Dowan
  5310 | D:6      | Killed Duvessa
  5315 | D:6      | Killed Dowan
  5677 | D:6      | Reached skill level 10 in Maces & Flails
  5681 | D:6      | Found Zywk's Magic Scroll Boutique.
  5684 | D:6      | Bought a scroll of identify for 26 gold pieces
  5684 | D:6      | Bought a scroll of identify for 26 gold pieces
  5688 | D:6      | Bought a scroll of brand weapon for 123 gold pieces
  5688 | D:6      | Bought a scroll of identify for 26 gold pieces
  5892 | D:8      | Noticed a two-headed ogre
  5925 | D:8      | Found a flagged portal.
  5934 | Bailey   | Entered a bailey
  5978 | Bailey   | Reached skill level 1 in Invocations
  6041 | Bailey   | Reached **** piety under Makhleb
  6049 | Bailey   | Reached XP level 10. HP: 68/68 MP: 10/13
  6087 | Bailey   | Reached skill level 5 in Invocations
  6107 | Bailey   | Noticed a kobold demonologist
  6453 | Bailey   | Acquired the ring "Itheih" {rC+++ Will- rCorr Int-5 Dex+4}
  6455 | Bailey   | Acquired 836 gold pieces
  6470 | Bailey   | Found an iron altar of Okawaru.
  6471 | Bailey   | Noticed a kobold demonologist
  6473 | Bailey   | Noticed an orange demon
  6479 | Bailey   | Noticed a rust devil
  6498 | Bailey   | Killed a kobold demonologist
  6503 | Bailey   | Killed a kobold demonologist
  6596 | Bailey   | Reached XP level 11. HP: 72/72 MP: 15/20
  7374 | D:8      | Killed a two-headed ogre
  7375 | D:8      | Reached skill level 5 in Armour
  7462 | D:8      | Found a radiant altar of Vehumet.
  7923 | D:9      | Noticed a two-headed ogre
  7933 | D:9      | Killed a two-headed ogre
  8128 | D:9      | Noticed Maurice
  8136 | D:9      | Maurice stole the ring "Itheih" {rC+++ Will- rCorr Int-5
                  | Dex+4}
  8145 | D:9      | Killed Maurice
  8146 | D:9      | Reached XP level 12. HP: 39/77 MP: 21/21
  8344 | D:9      | Found a white marble altar of Elyvilon.
  8380 | D:9      | Found a glowing silver altar of Zin.
  8380 | D:9      | Noticed an angel
  8487 | D:10     | Entered Level 10 of the Dungeon
  8504 | D:10     | Noticed a two-headed ogre
  8530 | D:10     | Reached ***** piety under Makhleb
  8534 | D:10     | Killed a two-headed ogre
  8696 | D:10     | Found a staircase to the Orcish Mines.
  8741 | D:10     | Reached skill level 10 in Armour
  8829 | D:10     | Found a broken altar of Ashenzari.
  9021 | D:10     | Noticed Harold
  9038 | D:10     | Killed Harold
  9341 | D:11     | Reached skill level 5 in Dodging
  9418 | D:11     | Found an ancient bone altar of Kikubaaqudgha.
  9713 | D:11     | Acquired 981 gold pieces
  9882 | D:1      | Bought a scroll of teleportation for 57 gold pieces
  9882 | D:1      | Bought the +10 dark maul {heavy} for 1305 gold pieces
  9882 | D:1      | Found the +10 dark maul {heavy}
  9882 | D:1      | Bought 2 potions of curing for 114 gold pieces
 10291 | D:11     | Found a staircase to the Lair.
 10308 | D:11     | Found a runed translucent gate.
 10309 | D:11     | Found a runed translucent gate.
 10310 | D:11     | Found a runed translucent gate.
 10311 | D:11     | Found an opulent altar of Gozag.
 10312 | D:11     | Found Vaetsej's Assorted Antiques.
 10312 | D:11     | Noticed Longtemps's ghost (journeyman OpFE)
 10611 | D:11     | Killed Longtemps's ghost
 10616 | D:11     | Noticed a soul eater
 10656 | D:11     | Bought a scroll labelled ETOEGUO OM JEX for 30 gold pieces
 10656 | D:11     | Bought a scroll of teleportation for 90 gold pieces
 10656 | D:11     | Bought a granite ring for 150 gold pieces
 10677 | Lair:1   | Entered Level 1 of the Lair of Beasts
 11166 | Lair:1   | Reached XP level 13. HP: 79/82 MP: 22/22
 11664 | Lair:2   | Noticed Gastronok
 11687 | Lair:2   | Killed Gastronok
 11926 | Lair:2   | Found a staircase to the Snake Pit.
 12042 | Lair:2   | Noticed frogman's ghost (journeyman DrBe)
 12046 | Lair:2   | Found a transporter.
 12050 | Lair:2   | Found a bloodstained altar of Trog.
 12062 | Lair:2   | Found a transporter.
 12074 | Lair:2   | Reached skill level 10 in Dodging
 12671 | Lair:3   | Reached ****** piety under Makhleb
 13058 | Lair:3   | Found a staircase to the Swamp.
 13191 | Lair:3   | Noticed Nessos
 13205 | Lair:3   | Killed Nessos
 13529 | Lair:3   | Gained mutation: Your large and strong wings let you fly.
                  | [Gargoyle growth]
 13529 | Lair:3   | Reached XP level 14. HP: 88/88 MP: 23/23
 14913 | Lair:5   | Entered Level 5 of the Lair of Beasts
 15207 | Lair:5   | Found a staircase to the Slime Pits.
 15222 | Lair:5   | Reached skill level 15 in Maces & Flails
 15400 | Lair:5   | Reached skill level 11 in Fighting
 15619 | Lair:5   | Reached skill level 12 in Fighting
 15786 | Lair:5   | Reached XP level 15. HP: 80/97 MP: 24/24
 15845 | Lair:5   | Reached skill level 13 in Fighting
 16278 | Lair:5   | Found the ring of the Hare {EV+10}
 16675 | Lair:2   | Killed frogman's ghost
 16874 | Orc:1    | Entered Level 1 of the Orcish Mines
 16950 | Orc:1    | Noticed Erolcha
 16956 | Orc:1    | Killed Erolcha
 16959 | Orc:1    | Noticed Jorgrun
 16981 | D:10     | Killed Jorgrun
 16982 | D:10     | Reached skill level 14 in Fighting
 17304 | Orc:1    | Found a runed translucent door.
 17323 | Orc:1    | Found a shimmering altar of Xom.
 17324 | Orc:1    | Noticed TheBloodborn's ghost (journeyman GrFi)
 17329 | Orc:1    | Killed TheBloodborn's ghost
 17332 | Orc:1    | Identified the amulet of Keruj {Regen+ Dex+6}
 17516 | Orc:1    | Paralysed by an orc sorcerer for 5 turns
 17668 | Orc:2    | Entered Level 2 of the Orcish Mines
 17670 | Orc:2    | Noticed Josephine
 17676 | Orc:2    | Killed Josephine
 17676 | Orc:2    | Noticed Azrael
 17681 | Orc:2    | Killed Azrael
 17739 | Orc:1    | Reached skill level 15 in Fighting
 17768 | Orc:2    | Found a staircase to the Elven Halls.
 17817 | Orc:2    | Noticed an orc warlord
 17823 | Orc:2    | Killed an orc warlord
 17856 | Orc:2    | Found Xeat's Distillery.
 17910 | Orc:2    | Bought a potion of might for 72 gold pieces
 17910 | Orc:2    | Bought a potion of curing for 54 gold pieces
 17910 | Orc:2    | Bought a potion of might for 72 gold pieces
 17910 | Orc:2    | Bought a potion of heal wounds for 90 gold pieces
 17982 | Orc:2    | Noticed Saint Roka
 18039 | Orc:2    | Killed Saint Roka
 18271 | Orc:2    | Noticed an orc warlord
 18280 | Orc:2    | Killed an orc warlord
 18281 | Orc:2    | Reached skill level 16 in Fighting
 18331 | Orc:2    | Noticed Sonja
 18340 | Orc:2    | HP: 3/104 [Sonja/+2 short sword of distortion (25)]
 18433 | Orc:2    | Killed Sonja
 18520 | Orc:2    | Found Imoe's Self-Improvement Boutique.
 18588 | Orc:2    | Found Xelu Niv's Antique Armour Boutique.
 18589 | Orc:2    | Found Qoppeuji's Antique Weapon Boutique.
 18590 | Orc:2    | Found Qiffas's General Store.
 18590 | Orc:2    | Found Ninaih's Jewellery Shop.
 18594 | Orc:2    | Bought a scroll of identify for 28 gold pieces
 18594 | Orc:2    | Bought a scroll of teleportation for 42 gold pieces
 18607 | Orc:2    | Bought an ichor-stained plate armour for 896 gold pieces
 18607 | Orc:2    | Identified the +1 plate armour "Ymeppec" {Fly Dex+3} (You
                  | bought it in a shop on level 2 of the Orcish Mines)
 18820 | D:12     | Found a snail-covered altar of Cheibriados.
 18838 | D:12     | Identified the +4 trident "Enuiref" {holy, *Rage rElec
                  | Will++}
 18945 | D:12     | Reached skill level 17 in Fighting
 19131 | D:12     | Reached XP level 16. HP: 112/112 MP: 25/25
 19232 | D:12     | Identified the orb of Impermeability {*channel, Dex+2
                  | Stlth+}
 19239 | D:12     | Noticed Psyche
 19242 | D:12     | Killed Psyche
 19753 | D:13     | Reached skill level 18 in Fighting
 19990 | D:13     | Gained mutation: Your magical capacity is low. (-10% MP) [a
                  | neqoxec]
 20191 | D:13     | Reached skill level 19 in Fighting
 20273 | D:13     | Noticed a tengu reaver
 20325 | D:13     | Noticed Urug
 20332 | D:13     | Killed Urug
 20561 | D:13     | Found a gate to the Vaults.
 20642 | D:13     | Killed a tengu reaver
 21027 | D:14     | Identified the +7 war axe of Bloody Death {freeze, rElec}
 21096 | D:14     | Reached skill level 20 in Fighting
 21180 | D:14     | Identified the +2 cloak "Biexzi Xuse" {Fly rElec Str+3}
 21604 | D:15     | Entered Level 15 of the Dungeon
 22223 | D:15     | Found a staircase to the Depths.
 22508 | D:6      | Bought 3 scrolls of fog for 156 gold pieces
 22508 | D:6      | Bought a scroll of revelation for 97 gold pieces
 22508 | D:6      | Bought a scroll of blinking for 97 gold pieces
 22508 | D:6      | Bought a scroll of blinking for 97 gold pieces
 22699 | Swamp:1  | Entered Level 1 of the Swamp
 22741 | Swamp:1  | Reached XP level 17. HP: 124/124 MP: 24/24
 22904 | Swamp:1  | Found a runed translucent door.
 22904 | Swamp:1  | Found a shimmering altar of Xom.
 22904 | Swamp:1  | Noticed Gokhumny's ghost (adept GnFi)
 23302 | Swamp:1  | Killed Gokhumny's ghost
 23307 | Swamp:1  | Identified the amulet "Fautos" {rF+ Regen+ Str+4}
 23887 | Swamp:3  | Noticed a tentacled monstrosity
 23895 | Swamp:3  | Killed a tentacled monstrosity
 24191 | Swamp:3  | Identified the +2 pair of gloves "Koupuq" {rF- rN+++ Will-
                  | Regen+}
 24555 | Swamp:4  | Entered Level 4 of the Swamp
 24796 | Swamp:4  | Got the Book of Volatile Mustering
 25115 | Swamp:4  | Reached XP level 18. HP: 129/129 MP: 24/24
 25159 | Swamp:4  | Noticed a bone dragon
 25168 | Swamp:4  | Killed a bone dragon
 25184 | Swamp:4  | Got a decaying rune of Zot
 25430 | Snake:1  | Entered Level 1 of the Snake Pit
 25599 | Snake:1  | Noticed Agnes
 25603 | Snake:1  | Killed Agnes
 25758 | Snake:1  | Found Fanor's Firing Range.
 26327 | Snake:2  | Found a broken altar of Ashenzari.
 26529 | Snake:2  | Found Netor's Weapon Shop.
 26529 | Snake:2  | Found Xunatt's Jewellery Boutique.
 26534 | Snake:2  | Found Kieh Nin's Assorted Antiques.
 26765 | Snake:2  | Found a runed translucent door.
 26766 | Snake:2  | Found a shimmering altar of Xom.
 26766 | Snake:2  | Noticed Nilihum's ghost (adept AtFi)
 26835 | Snake:2  | Found Juasa's Assorted Antiques.
 27134 | Snake:2  | Killed Nilihum's ghost
 27193 | Snake:3  | Identified the serpent talisman "Tafusmoz" {rN+ Will+ Str+3
                  | Stlth+}
 27193 | Snake:3  | Noticed Aizul
 27201 | Snake:3  | Killed Aizul
 27298 | Snake:3  | Noticed Vashnia
 27324 | Snake:3  | Killed Vashnia
 27328 | Snake:3  | Reached XP level 19. HP: 132/135 MP: 25/25
 27405 | Snake:3  | Reached skill level 15 in Armour
 27442 | Snake:3  | Found Lik Vewamu's Armour Shop.
 27442 | Snake:3  | Found Vaclob's Magic Scroll Boutique.
 27457 | Snake:3  | Bought a scroll of teleportation for 54 gold pieces
 27463 | Snake:3  | Bought a +2 pair of gloves of dexterity for 387 gold pieces
 27478 | Snake:3  | Found Neck's Weapon Shoppe.
 27702 | Snake:4  | Entered Level 4 of the Snake Pit
 28331 | Snake:4  | Noticed Nikola
 28344 | Snake:4  | Killed Nikola
 29078 | Snake:4  | Got a serpentine rune of Zot
 29443 | Vaults:1 | Entered Level 1 of the Vaults
 29458 | Vaults:1 | Found the +3 Mad Mage's Maulers {Infuse+∞ VampMP -Cast}
 29465 | Vaults:1 | Noticed Zenata
 29486 | Vaults:1 | HP: 4/135 [Zenata/a resonance strike (32)]
 29639 | D:13     | Killed Zenata
 30681 | Vaults:1 | Reached XP level 20. HP: 107/140 MP: 6/26
 32222 | Vaults:2 | Found a staircase to the Crypt.
 32436 | Vaults:2 | Reached skill level 15 in Dodging
 32954 | Vaults:2 | HP: 7/142 [vault warden/+0 long sword (36)]
 32955 | Vaults:2 | Reached skill level 21 in Fighting
 34483 | Vaults:3 | Found a magical portal.
 34493 | WizLab   | Entered Lehudib's Moon Base
 34570 | WizLab   | Gained mutation: Your spells are a little easier to cast,
                  | but a little less powerful. [a neqoxec]
 34715 | WizLab   | Found a transporter.
 34749 | WizLab   | Paralysed by accursed screaming for 1 turns
 34858 | WizLab   | Gained mutation: You occasionally lose the ability to read
                  | scrolls when taking damage. [a neqoxec]
 34901 | WizLab   | Reached skill level 22 in Fighting
 35062 | WizLab   | Lost mutation: Your magical capacity is low. (-10% MP)
                  | [potion of mutation]
 35062 | WizLab   | Lost mutation: You occasionally lose the ability to read
                  | scrolls when taking damage. [potion of mutation]
 35062 | WizLab   | Lost mutation: Your spells are a little easier to cast, but
                  | a little less powerful. [potion of mutation]
 35062 | WizLab   | Gained mutation: You are clumsy. (Dex -2) [potion of
                  | mutation]
 35062 | WizLab   | Gained mutation: You are occasionally teleported next to
                  | monsters. [potion of mutation]
 35063 | WizLab   | Lost mutation: You are occasionally teleported next to
                  | monsters. [potion of mutation]
 35063 | WizLab   | Lost mutation: You are clumsy. (Dex -2) [potion of
                  | mutation]
 35063 | WizLab   | Gained mutation: You are weak. (Str -2) [potion of
                  | mutation]
 35089 | WizLab   | Found a transporter.
 35430 | WizLab   | Reached XP level 21. HP: 142/151 MP: 12/30
 36073 | WizLab   | Paralysed by accursed screaming for 1 turns
 36181 | WizLab   | Identified the amulet "Voaqom" {Spirit rC- Will+ rCorr
                  | Dex+5}
 36381 | WizLab   | Gained mutation: You are dopey. (Int -2) [a cacodemon]
 36399 | WizLab   | Identified the +8 great sword of Cataclysm {holy, Will+
                  | Int+5}
 36519 | Vaults:3 | Lost mutation: You are weak. (Str -2) [potion of mutation]
 36519 | Vaults:3 | Lost mutation: You are dopey. (Int -2) [potion of mutation]
 36519 | Vaults:3 | Gained mutation: You are somewhat resistant to further
                  | mutation. [potion of mutation]
 36519 | Vaults:3 | Gained mutation: You have a pair of small horns on your
                  | head. [potion of mutation]
 36552 | Vaults:3 | Reached skill level 23 in Fighting
 36674 | Vaults:3 | Noticed Asterion
 36678 | Vaults:3 | Killed Asterion
 37837 | Vaults:3 | Reached skill level 24 in Fighting
 37959 | Vaults:3 | Identified the +2 helmet of Failure {Slay+2}
 38865 | Vaults:4 | Identified the +9 rapier of Equilibrium {flame, Str+6}
 38920 | Vaults:4 | Paralysed by a sphinx for 3 turns
 39137 | Vaults:4 | Found a transporter.
 39141 | Vaults:4 | Found Ulifapu's Antique Armour Boutique.
 39143 | Vaults:4 | Found a transporter.
 39156 | Vaults:4 | Noticed Donald
 39166 | Vaults:4 | Killed Donald
 39292 | Vaults:4 | Noticed Sojobo
 39300 | Vaults:4 | Killed Sojobo
 39510 | Vaults:4 | Noticed a dread lich
 39518 | Vaults:4 | Killed a dread lich
 39519 | Vaults:4 | Reached skill level 25 in Fighting
 39601 | Vaults:4 | Noticed a golden dragon
 39605 | Vaults:4 | Killed a golden dragon
 40087 | Vaults:4 | Reached XP level 22. HP: 164/164 MP: 7/31
 40364 | Vaults:4 | Identified the +5 arbalest "Oraihuli" {flame, Str+4}
 41375 | Vaults:5 | Entered Level 5 of the Vaults
 41687 | Vaults:5 | Noticed a dread lich
 41831 | Vaults:5 | Paralysed by a dread lich for 5 turns
 41845 | Vaults:4 | Killed a dread lich
 42311 | Vaults:5 | Identified the +6 hand axe "Myrun" {venom, rC++}
 42769 | Vaults:5 | HP: 2/164 [hell knight/+5 halberd (12)]
 42769 | Vaults:5 | Identified the ring "Myfol" {rElec Will+ rCorr Int+3
                  | Slay-6}
 42769 | Vaults:5 | Demolished by a stone giant

Illustrated notes

Levels and vault maps discovered:
D:1:      shiori_arrival_whats_in_store_for_you, layout_rooms, serial_shops,
          shop_fountains, minmay_small_reverse_x
D:2:      layout_basic, uniq_jessica
D:3:      layout_rooms, lemuel_doored_altar, gammafunk_ghost_nasty_kobolds,
          minmay_distorted
D:4:      layout_basic, gammafunk_temple_overflow_claw,
          minmay_temple_entry_statues_fountains, minmay_crystal_water,
          uniq_robin
D:5:      layout_basic, kennysheep_nondescript, uniq_edmund, uniq_sigmund,
          uniq_grinder
D:6:      layout_layer_cave, mainiacjoe_overflow_concentric_impassable,
          serial_shops, nicolae_shop_gibbet_a_chance, nicolae_shop_rolled_up,
          minmay_between, uniq_duvessa
D:7:      layout_gridville, nemelex_xobeh_ov_fountains_minmay
D:8:      layout_basic, vehumet_statue, enter_bailey_2
D:9:      layout_basic, kennysheep_mini, zin_angel, uniq_maurice
D:10:     layout_gridville, nicolae_ashenzari_skybound, erik_orc_4,
          serial_rivers, chequers_serial_rivers_micro_d,
          chequers_serial_rivers_micro_d, chequers_serial_rivers_micro_c,
          chequers_serial_rivers_large_b, chequers_serial_rivers_micro_b,
          chequers_serial_rivers_micro_a, uniq_harold
D:11:     layout_basic, lair_entry_dummy, ebering_ghost_gozag,
          serial_park_tiny_pond, nicolae_kikubaaqudgha_miasma_corner
D:12:     layout_basic, kennysheep_slug_shrine, uniq_psyche
D:13:     regret_index_wax_grids, layout_irregular_city,
          hangedman_vaults_entry_quadrant_bands, serial_demonic,
          serial_demonic_e, serial_demonic_a, serial_demonic_g,
          serial_demonic_c, serial_demonic_a, serial_demonic_d,
          serial_demonic_g, serial_demonic_f, serial_demonic_e,
          serial_demonic_b, serial_library_hellmonk_filled_rooms,
          kennysheep_generic_room_3, uniq_urug
D:14:     layout_loops_cross, solitary_fountain, nicolae_fountain_basement
D:15:     grunt_enter_depths_hoard, layout_irregular_city,
          nicolae_concentric_dashed_squares_wild
Temple:   nicolae_temple_slightly_damp_pantheon
Lair:1:   layout_roguey, minivault_24, lemuel_fruit_tree, serial_bayou_shore_a
Lair:2:   layout_regular_city, minmay_snake_entry_guardpost_small,
          gammafunk_ghost_wrathful_warriors, grunt_megastairs_5, uniq_gastronok
Lair:3:   layout_hall_layers, mainiacjoe_swamp_entry_lozenge_pond,
          grunt_forest_stairs_clearing, grunt_megastairs_2, uniq_nessos
Lair:4:   layout_small_grid
Lair:5:   grunt_lair_end_beastmaster, layout_regular_city,
          minmay_slime_entry_pillars, grunt_forest_small_clearings,
          pdpol_lair_neglected_garden, st_stairs_5
Swamp:1:  layout_basic_swamp, ebering_ghost_xom, nicolae_swamp_tree_isthmus
Swamp:2:  layout_basic_swamp, evilmike_swamp_ruin_house_6, swamp_pool_1_2,
          nicolae_swamp_long_stream
Swamp:3:  layout_basic_swamp, nicolae_swamp_oxbows
Swamp:4:  swamp_pestilence, layout_basic_swamp, infiniplex_staircase_pool_2
Snake:1:  layout_gridlike, drop_trap, nicolae_shop_firing_range, uniq_agnes
Snake:2:  layout_gridlike, serial_shops, shop, ebering_ghost_xom, basic_altar,
          nicolae_wooded_promenade, serial_bayou_lagoon_b
Snake:3:  layout_onion_interference, serial_shops, shop,
          nicolae_snake_snakes_in_the_grass, minmay_shoptagon, uniq_vashnia,
          uniq_aizul
Snake:4:  grunt_snake_rune_pools, layout_chambers, uniq_nikola
Orc:1:    layout_caves, ebering_ghost_xom, uniq_erolcha, uniq_jorgrun
Orc:2:    st_orc_congregation, layout_diamond_mine, serial_shops,
          nicolae_diamond_shop, nicolae_shop_self_help, uniq_azrael,
          uniq_josephine, uniq_sonja, uniq_saint_roka
Vaults:1: nicolae_vaults_big_ls, nicolae_vaults_storage_room_statues,
          nicolae_vaults_stepped_doors, nicolae_vaults_whirlpool_walls,
          grunt_vaults_funnel, v_misc_3, nicolae_vaults_heist,
          ontoclasm_vaults_hangar, layout_vaults_ring, uniq_zenata
Vaults:2: nicolae_vaults_tetromino_L_2, vaults_room_stairs_pillars,
          minmay_crypt_entry_simple_statues, nicolae_vaults_layer_cake_slice,
          nicolae_vaults_stairing_the_circle, v_alt_pattern_1, v_misc_22,
          vaults_mumra_hex, nicolae_vaults_closet_pinwheel_2,
          nicolae_vaults_alarming, v_misc_29, vaults_room_corners,
          nicolae_vaults_house_2, layout_vaults_quadrants
Vaults:3: infiniplex_enter_wizlab_glasses, nicolae_vaults_holding_cells,
          ontoclasm_vaults_gateway, vaults_mumra_hexcomb,
          grunt_vaults_trifunnel, nicolae_vaults_theta, v_misc_13,
          nicolae_vaults_specimen_jars, hangedman_vaults_stitches,
          nicolae_vaults_weapon_check, nicolae_vaults_six-pack,
          layout_vaults_big_room, uniq_asterion
Vaults:4: v_misc_14, ontoclasm_vaults_fault, nicolae_vaults_ellipses_ellipsis,
          nicolae_vaults_thirteen_compartments, nicolae_vaults_cochlea,
          ontoclasm_vaults_pinch, nicolae_vaults_three_branches,
          nicolae_vaults_hexular_roomagon, nicolae_vaults_yaktaur_gun_rack,
          nicolae_vaults_octothorpe, v_misc_29, vaults_dpeg_spiral,
          layout_vaults_omnibox, serial_shops, nicolae_shop_drivethru,
          uniq_sojobo, uniq_donald
Vaults:5: serial_shops

Skill      XL: |  1  2  3  4  5  6  7  8  9 10 11 12 13 14 15 16 17 18 19 20 21 22 |
---------------+-------------------------------------------------------------------+-----
Fighting       | 4 5 6 7 9 10 12 17 20 22 25 | 25.0
Maces & Flails | 4 5 6 8 10 12 15 19 20 22 | 22.7
Armour         | 3 8 10 14 15 | 15.0
Invocations    | 4 13 | 13.0
Dodging        | 8 10 13 15 | 15.0

Action                     |  1- 3 |  4- 6 |  7- 9 | 10-12 | 13-15 | 16-18 | 19-21 | 22-24 || total
---------------------------+-------+-------+-------+-------+-------+-------+-------+-------++-------
  Melee: Mace              |    59 |    31 |       |       |       |       |       |       ||    90
         Morningstar       |       |   101 |   259 |   360 |       |       |       |       ||   720
         Maul              |       |       |       |    39 |   553 |   697 |   677 |   119 ||  2085
         Headbutt          |       |       |       |       |       |       |    14 |    26 ||    40
         Executioner's axe |       |       |       |       |       |       |     8 |    37 ||    45
   Fire: Sling             |     9 |     8 |       |     2 |       |       |       |       ||    19
  Throw: Throwing net      |       |       |       |     1 |     3 |       |       |       ||     4
         Javelin           |       |       |       |       |       |     3 |     5 |       ||     8
 Invoke: Lesser Servant of |       |       |       |     1 |     2 |       |       |       ||     3
         Greater Servant o |       |       |       |     1 |     1 |     1 |     4 |     1 ||     8
         Major Destruction |       |       |       |       |     1 |       |       |       ||     1
  Evoke: Wand              |       |       |       |    10 |     5 |     3 |    10 |       ||    28
         Lightning rod     |       |       |       |       |     1 |     3 |       |       ||     4
    Use: Scroll            |     5 |     6 |    10 |     7 |    11 |     9 |     8 |     1 ||    57
         Potion            |       |       |     4 |     3 |     9 |     1 |     8 |       ||    25
   Stab: Petrified         |       |       |       |       |     1 |       |       |       ||     1
         Distracted        |       |       |       |       |       |     1 |     1 |     1 ||     3
 Armour: Robe              |    28 |    57 |       |       |       |       |       |       ||    85
         Scale mail        |       |    21 |   186 |    31 |       |       |       |       ||   238
         Chain mail        |       |       |       |   308 |  1089 |       |       |       ||  1397
         Plate armour      |       |       |       |       |    29 |  1134 |   965 |       ||  2128
         Gold dragon scale |       |       |       |       |       |       |     6 |   582 ||   588
  Dodge: Dodged            |    34 |    78 |   113 |   158 |  1223 |  2054 |  1707 |   600 ||  5967
